 Dungeon Crawl Stone Soup version 0.22-a0-608-g8a62e23 (webtiles) character file.

358 sking99 the Insei (level 6, 0/51 HPs)
             Began as a Draconian Transmuter on July 9, 2018.
             Slain by a howler monkey (1 damage)
             ... on level 4 of the Dungeon.
             The game lasted 00:06:55 (4859 turns).

sking99 the Insei (Draconian Transmuter)            Turns: 4859, Time: 00:06:56

Health: 0/51       AC:  6    Str: 12    XL:     6   Next: 37%
Magic:  9/9        EV: 12    Int: 18    God:
Gold:   197        SH:  0    Dex: 14    Spells: 6/9 levels left

rFire    . . .     SeeInvis .     - Unarmed
rCold    . . .     Gourm    .   (no shield)
rNeg     . . .     Faith    .   (armour unavailable)
rPois    .         Spirit   .   (helmet restricted)
rElec    .         Reflect  .   (no cloak)
rCorr    .         Harm     .   (no gloves)
MR       .....                  (no boots)
Stlth    +.........             (no amulet)
HPRegen  0.17/turn              (no ring)
MPRegen  0.11/turn              (no ring)

@: brilliant, appendage
A: unfitting armour, horns 2, cold-blooded, AC +6
a: End Transformation


You were on level 4 of the Dungeon.
You were not hungry.
You had grown temporary horns.
You visited 1 branch of the dungeon, and saw 4 of its levels.

You collected 197 gold pieces.

Inventory:

Missiles
 a - 5 arrows (quivered)
Jewellery
 b - an uncursed ring of positive energy {unknown}
 h - a +5 ring of protection {unknown}
Scrolls
 d - a scroll of enchant weapon {unknown}
 g - a scroll of fog
Potions
 e - 3 potions of brilliance
Comestibles
 c - 6 rations
 f - 4 chunks of flesh


   Skills:
 + Level 3.5 Fighting
 - Level 1.7 Dodging
 * Level 5.5 Unarmed Combat
 - Level 2.0 Spellcasting
 + Level 3.7 Transmutations


You had 6 spell levels left.
You knew the following spells:

 Your Spells              Type           Power        Failure   Level  Hunger
a - Beastly Appendage     Tmut           ####..       1%          1    #......
b - Sticks to Snakes      Tmut           ####....     1%          2    ###....

Your spell library contained the following spells:

 Spells                   Type           Power        Failure   Level  Hunger
 Spider Form              Tmut/Pois      ###.......   3%          3    ###....
 Blade Hands              Tmut           ####......   12%         5    ######.
 Ice Form                 Ice/Tmut       ###.....     10%         4    #####..


Dungeon Overview and Level Annotations

Branches:
Dungeon (4/15)
 Temple: D:4-7

Altars:


Innate Abilities, Weirdness & Mutations

Your plain brown scales are hard. (AC +6)
You cannot fit into any form of body armour.
You are cold-blooded and may be slowed by cold attacks.
You have a pair of horns on your head.


Message History

You hit the orc.
You kill the orc!
The orc priest casts a cantrip, but nothing happens.
You hit the howler monkey.
The howler monkey is moderately wounded.
The howler monkey hits you.
The orc priest calls down the wrath of Beogh upon you.
Beogh smites you!
* * * LOW HITPOINT WARNING * * *
You hit the howler monkey but do no damage.
You tail-slap the howler monkey.
The howler monkey is heavily wounded.
The howler monkey misses you.
The orc priest calls down the wrath of Beogh upon you.
Beogh smites you!
* * * LOW HITPOINT WARNING * * *
You feel clever all of a sudden.
The howler monkey hits you but does no damage.
The howler monkey hits you.
You die...

##.###.#####.#####.
#.# #....<......#.
#.###.##.####.....
#.....##.####.#.#.
#.#.####.#....#.#.
#.#........#......
#.######.#....#.##
#.# #.####.#.# ####
##### #@# #.# #.#.#
..> #...#####h# #.#
#.#.#
#.###...o...oo# ...
....#
#.)....o####### ###
##### #.#######


ho. ....) ##### You could see a howler monkey, an orc priest and an orc.

Vanquished Creatures
  An ogre (D:4)
  An orc wizard (D:2)
  A jelly (D:3)
  A gnoll shaman (D:3)
  3 gnolls
  6 adders
  An ooze (D:3)
  6 worms
  2 dart slugs (D:1)
  5 leopard geckos
  13 orcs
  14 bats
  4 giant cockroaches
  3 goblins (D:1)
  7 hobgoblins
  4 jackals (D:2)
  5 kobolds
  A quokka (D:3)
  4 frilled lizards
  10 rats
92 creatures vanquished.

Notes
Turn   | Place    | Note
-------+----------+-------------------------------------------
     0 | D:1      | sking99 the Draconian Transmuter began the quest for the Orb.
     0 | D:1      | Reached XP level 1. HP: 16/16 MP: 3/3
   113 | D:1      | Reached XP level 2. HP: 22/23 MP: 5/5
   134 | D:1      | Learned a level 2 spell: Sticks to Snakes
   557 | D:1      | Reached XP level 3. HP: 19/29 MP: 6/6
  1792 | D:2      | Reached skill level 4 in Unarmed Combat
  1846 | D:2      | Reached XP level 4. HP: 18/37 MP: 7/7
  2831 | D:3      | Reached XP level 5. HP: 29/42 MP: 8/8
  3595 | D:3      | Reached skill level 5 in Unarmed Combat
  4014 | D:4      | Noticed an ogre
  4030 | D:4      | Killed an ogre
  4030 | D:4      | Reached XP level 6. HP: 27/51 MP: 1/9
  4858 | D:4      | HP: 1/51 [orc priest/divine providence (9)]
  4859 | D:4      | Slain by a howler monkey

Vault maps used:
D:1:      saegor_arrival_simple_b, due_unseen_surprise
D:2:      first_ration
D:4:      kennysheep_crisscross, kennysheep_generic_room_13,
          uniq_crazy_yiuf_cottage

Skill      XL: |  1  2  3  4  5 |
---------------+----------------+-----
Fighting       | 2 3 |  3.5
Unarmed Combat | 4 5 |  5.5
Transmutations | 3 |  3.7
Dodging        | |  1.7
Spellcasting   | |  2.0

Action                   |  1- 3 |  4- 6 || total
-------------------------+-------+-------++-------
Melee: Unarmed           |   168 |   262 ||   430
       Tailslap          |    14 |    42 ||    56
       Punch             |       |     5 ||     5
       Headbutt          |       |     1 ||     1
 Cast: Sticks to Snakes  |     2 |     5 ||     7
       Beastly Appendage |       |     1 ||     1
  Use: Scroll            |       |     7 ||     7
       Potion            |       |     3 ||     3
 Stab: Sleeping          |     2 |       ||     2
       Fleeing           |       |     1 ||     1
  Eat: Chunk             |     3 |     8 ||    11
       Ration            |       |     1 ||     1
Armor: Skin              |    52 |    48 ||   100
Dodge: Dodged            |   105 |   182 ||   287

Table legend:
 A = Spawn XP
 B = Non-spawn XP
 C = Spawn XP percentage of total XP
 D = Spawn monster count
 E = Non-spawn monster count
 F = Spawn count percentage of total count
 G = Total turns spent on level
                    A         B        C        D         E        F      G
               +---------+---------+-------+---------+---------+-------+---------
         Total |       0 |     512 |   0.0 |       0 |      92 |   0.0 |  4859
               +---------+---------+-------+---------+---------+-------+---------
           D:1 |       0 |      44 |   0.0 |       0 |      25 |   0.0 |   983
           D:2 |       0 |      97 |   0.0 |       0 |      25 |   0.0 |  1332
           D:3 |       0 |     226 |   0.0 |       0 |      33 |   0.0 |  2121
           D:4 |       0 |     145 |   0.0 |       0 |       9 |   0.0 |   423
               +---------+---------+-------+---------+---------+-------+---------
